 Dungeon Crawl Stone Soup version 0.22-a0-117-g314b907 (webtiles) character file.

107412 SnubMonkey the Markscentaur (level 15, -3/136 HPs)
             Began as a Centaur Hunter on Jan 29, 2018.
             Was the Champion of Okawaru.
             Slain by a thrashing horror (5 damage)
             ... on level 4 of the Abyss.
             The game lasted 01:58:56 (41967 turns).

SnubMonkey the Markscentaur (Centaur Hunter)       Turns: 41967, Time: 01:58:57

Health: -3/136     AC: 22    Str: 23    XL:     15   Next: 63%
Magic:  21/21      EV: 11    Int: 10    God:    Okawaru [******]
Gold:   1742       SH:  0    Dex: 11    Spells: 12/14 levels left

rFire    + + .     SeeInvis .   a - +4 longbow (freeze)
rCold    + . .     Gourm    +   (shield currently unavailable)
rNeg     . . .     Faith    .   y - +0 acid dragon scales
rPois    +         Spirit   .   K - +1 helmet
rElec    .         Reflect  .   Z - scarf {rC+ rF+}
rCorr    +         Harm     .   t - +1 pair of gloves {Str+3}
MR       +....                  W - +4 centaur barding {rF+}
Stlth    +.........             n - amulet of the gourmand
HPRegen  0.32/turn              B - ring of wizardry
MPRegen  0.17/turn              F - ring of poison resistance

@: very quick
A: large, hooves 3, deformed body, speed 2, tough skin 3
}: 1/15 runes: abyssal
a: Heroism, Finesse, Renounce Religion


You were on level 4 of the Abyss.
You worshipped Okawaru.
Okawaru was exalted by your worship.
You were completely stuffed.

You visited 4 branches of the dungeon, and saw 24 of its levels.
You visited the Abyss 1 time.
You also visited: Sewer and Volcano.

You collected 2127 gold pieces.
You spent 385 gold pieces at shops.

Inventory:

Hand Weapons
 a - a +4 longbow of freezing (weapon)
 b - a +1 scimitar of flaming
 c - a +3 longbow of flaming
 d - the +6 long sword of Puryus {freeze, Int+5}
   (You found it on level 11 of the Dungeon)

   It has been specially enchanted to freeze those struck by it, causing extra
   injury to most foes and up to half again as much damage against particularly
   susceptible opponents.
   It can also slow down cold-blooded creatures.
   It affects your intelligence (+5).
Missiles
 m - 181 arrows (quivered)
 I - 3 throwing nets
Armour
 k - a +2 ring mail of fire resistance
 t - a +1 pair of gloves of strength (worn)
 u - a +2 plate armour of positive energy
 y - +0 acid dragon scales (worn)
 E - the +2 robe of the Will of the Gods {rF+ Str+3 Dex+5}
   (You found it on level 14 of the Dungeon)

   It affects your strength (+3).
   It affects your dexterity (+5).
   It protects you from fire.
 K - a +1 helmet (worn)
 W - a +4 centaur barding of fire resistance (worn)
 Z - a scarf of resistance (worn)
Jewellery
 n - an amulet of the gourmand (around neck)
 s - an uncursed ring of magical power
 w - the ring of Inuitt {rN+ MP+9 Str+7 Int-4 Dex-2, unknown}
   (You took it off a tengu conjurer on level 15 of the Dungeon)

   [ring of magical power]

   It affects your strength (+7).
   It affects your intelligence (-4).
   It affects your dexterity (-2).
   It protects you from negative energy.
   It affects your magic capacity (+9).
 B - a ring of wizardry (left hand)
 F - a ring of poison resistance (right hand)
Wands
 D - a wand of acid (18)
 G - a wand of polymorph (27)
 J - a wand of flame (23)
 N - a wand of digging (35)
 R - a wand of iceblast (8)
Scrolls
 h - 7 scrolls of remove curse
 i - 3 scrolls of fear
 o - 3 scrolls of blinking
 p - 6 scrolls of identify
 r - a scroll of magic mapping
 z - 3 scrolls of fog
 L - 3 scrolls of teleportation
 T - 3 scrolls of immolation
Potions
 e - 2 potions of haste
 g - 2 potions of berserk rage
 j - 2 potions of lignification
 l - 5 potions of resistance
 x - 4 potions of might
 O - 3 potions of brilliance
 P - 4 potions of agility
 Q - 6 potions of flight
Books
 A - a book of Ice

   Spells                             Type                      Level
   a - Ice Form                       Ice/Transmutation            4
   b - Metabolic Englaciation         Hexes/Ice                    5
   c - Ozocubu's Refrigeration        Ice                          6
   d - Bolt of Cold                   Conjuration/Ice              6
   e - Freezing Cloud                 Conjuration/Ice/Air          6
   f - Simulacrum                     Ice/Necromancy               6
Miscellaneous
 q - a lightning rod (4/4)
 v - 2 sacks of spiders
Comestibles
 f - 54 rations


   Skills:
 + Level 13.3 Fighting
 - Level 11.4 Long Blades
 * Level 17.9 Bows
 + Level 8.7 Armour
 + Level 8.2 Dodging
 - Level 0.4 Stealth
 - Level 8.0 Invocations


You had 12 spell levels left.
You knew the following spells:

 Your Spells              Type           Power        Failure   Level  Hunger
a - Passwall              Tmut/Erth      #.........   26%         2    ###....


Dungeon Overview and Level Annotations

Branches:
Dungeon (15/15)            Temple (1/1) D:4            Lair (6/6) D:9
 Shoals (0/4) Lair:4        Snake (0/4) Lair:4        Slime (0/5) Lair:5
    Orc (2/2) D:11         Vaults (0/5) D:13
    Elf: Orc:2       Depths: D:15

Altars:
Ashenzari
Cheibriados
Dithmenos
Elyvilon
Fedhas
Gozag
Hepliaklqana
Kikubaaqudgha
Makhleb
Nemelex Xobeh
Okawaru
Qazlal
Ru
Sif Muna
Trog
Uskayaw
Vehumet
Wu Jian
Xom
Yredelemnul
Zin
The Shining One
Jiyva

Shops:
D:6 [   D:14 [   Orc:1 ?

Annotations:
D:12 2 runed doors


Innate Abilities, Weirdness & Mutations

You have hooves in place of feet.
Armour fits poorly on your strangely shaped body.
You cover ground very quickly.
You have extremely tough skin. (AC +3)


Message History

The thrashing horror barely misses you.
Okay, then.
Really attack while wielding your +4 longbow of freezing?
Okay, then.
The thrashing horror roars!
The thrashing horror tramples you.
* * * LOW HITPOINT WARNING * * *
You stumble backwards!
The thrashing horror roars!
The thrashing horror tramples you but does no damage. x2
The thrashing horror roars!
The thrashing horror tramples you!
* * * LOW HITPOINT WARNING * * *
You hold your ground!
The thrashing horror tramples you but does no damage.
The thrashing horror roars!
The thrashing horror barely misses you.
The thrashing horror tramples you but does no damage.
The thrashing horror tramples you.
You die...

#............##.#.#
###....((((...##. .#
........(.(.........
#.............#
#....x......##
##.#........d#
###......#∩###..#
##....XXXX..####.##.
#.....(((@..........#
#............#### ..#
#....#########
####..# ##### ...#
#... #. #


You could see 4 thrashing horrors and a small abomination.

Vanquished Creatures
  Rupert (D:14)
  Gastronok (Lair:2)
  Agnes (D:14)
  6 dire elephants (Lair:6)
  Nessos (D:13)
  A black draconian (Abyss:3)
  Fannar (Lair:2)
  A catoblepas (Lair:3)
  The ghost of galech the Grappler, a novice TrMo of Okawaru (D:10)
  Harold (D:11)
  9 hydras
  An anaconda (Lair:6)
  10 two-headed ogres
  2 centaur warriors (D:13)
  Erica (Lair:2)
  Urug (Lair:2)
  A fire crab (Volcano)
  2 unseen horrors
  2 lindwurms
  An orc knight (D:13)
  The ghost of Graouh the Cudgeler, a novice MiFi (D:5)
  Pikel (D:4)
  4 ugly things
  A deep elf mage (D:13)
  2 cyclopes
  An orc sorcerer (Orc:1)
  4 manticores
  12 elephants
  An eye of devastation (Abyss:3)
  9 black mambas
  3 gargoyles
  A molten gargoyle (Volcano)
  5 rime drakes
  6 komodo dragons
  7 spiny frogs
  2 kobold demonologists
  A hellwing (Abyss:3)
  2 tengu conjurers (D:15)
  A queen bee (Lair:2)
  2 trolls
  2 polar bears
  3 meliai (D:14)
  3 raiju (Abyss:3)
  12 hippogriffs
  16 blink frogs
  7 dream sheep (Lair:5)
  2 meliai zombies
  3 wyverns
  A shadow (D:11)
  42 yaks
  A ynoxinul (Abyss:4)
  A vampire (Abyss:3)
  A wraith (D:14)
  5 basilisks
  13 fire bats (Volcano)
  16 humans (D:13)
  3 steam dragons
  2 fire elementals (Lair:4)
  6 vampire mosquitoes
  A neqoxec (Abyss:3)
  A warg (Orc:1)
  A harpy simulacrum (D:15)
  4 nagas (Lair:4)
  7 porcupines
  An acid dragon (D:15)
  15 water moccasins
  14 orc warriors
  3 slaves (D:4)
  2 sky beasts
  A black bear (D:8)
  A hornet zombie (D:7)
  4 ice beasts
  3 phantoms
  9 ogres
  A necrophage (D:11)
  11 wolves
  5 centaurs
  23 crocodiles
  4 big kobolds
  A gnoll sergeant (D:10)
  13 bullfrogs
  4 small abominations (Abyss:3)
  A wyvern zombie (D:10)
  A spiny frog simulacrum (Abyss:3)
  8 scorpions
  A wyvern skeleton (D:11)
  36 killer bees
  11 wights
  7 howler monkeys
  2 electric eels
  4 crimson imps
  A bullfrog zombie (D:12)
  2 centaur zombies
  6 lava snakes (Volcano)
  3 starcursed masses (Abyss:4)
  3 centaur skeletons
  2 jellies
  18 orc wizards
  5 bullfrog skeletons
  4 gnoll shamans (D:4)
  5 orc priests
  3 hounds
  An iron imp (Abyss:3)
  Terence (D:3)
  9 iguanas
  10 worker ants
  5 hound zombies
  A hound skeleton (D:8)
  2 worker ant zombies
  A howler monkey zombie (D:8)
  39 gnolls
  2 howler monkey skeletons
  2 river rats (D:6)
  16 adders
  8 shadow imps
  2 white imps (D:15)
  2 ufetubi
  3 oozes
  An adder skeleton (D:3)
  An adder zombie (D:3)
  2 worms
  2 dart slugs (D:1)
  15 leopard geckos
  79 orcs
  2 ball pythons
  6 giant cockroaches
  6 goblins
  10 hobgoblins
  26 jackals
  7 quokkas
  5 bats
  13 frilled lizards
  2 giant cockroach zombies (D:3)
  A jackal zombie (D:7)
  19 kobolds
  A leopard gecko zombie (D:3)
  A quokka zombie (D:3)
  10 rats
  6 plants (Lair:6)
821 creatures vanquished.

Vanquished Creatures (others)
  A steam dragon (D:9)
  A hungry ghost (D:14)
  26 fungi
  11 plants
  3 starspawn tentacles (Abyss:3)
42 creatures vanquished.

Grand Total: 863 creatures vanquished

Notes
Turn   | Place    | Note
-------+----------+-------------------------------------------
     0 | D:1      | SnubMonkey the Centaur Hunter began the quest for the Orb.
     0 | D:1      | Reached XP level 1. HP: 17/17 MP: 1/1
   288 | D:1      | Reached XP level 2. HP: 24/24 MP: 2/2
   551 | D:1      | Reached skill level 6 in Bows
   912 | D:2      | Reached XP level 3. HP: 19/30 MP: 3/3
  1700 | D:2      | Reached XP level 4. HP: 17/37 MP: 4/4
  1709 | D:2      | Reached skill level 7 in Bows
  2586 | D:3      | Reached XP level 5. HP: 45/45 MP: 5/5
  2605 | D:3      | Found a basalt altar of Yredelemnul.
  2850 | D:3      | Reached skill level 8 in Bows
  3092 | D:3      | Noticed Terence
  3130 | D:3      | Killed Terence
  3262 | D:3      | Reached XP level 6. HP: 27/52 MP: 6/6
  4140 | D:3      | Found a snail-covered altar of Cheibriados.
  4500 | D:4      | Reached skill level 9 in Bows
  4786 | D:4      | Noticed Pikel
  4786 | D:4      | Noticed a slave
  4786 | D:4      | Noticed a slave
  4787 | D:4      | Noticed a slave
  4808 | D:4      | Killed a slave
  4981 | D:4      | Found a staircase to the Ecumenical Temple.
  5026 | D:4      | Noticed a slave
  5100 | Temple   | Entered the Ecumenical Temple
  5209 | Temple   | Became a worshipper of Warmaster Okawaru
  5256 | D:5      | Entered Level 5 of the Dungeon
  6292 | D:4      | Reached XP level 7. HP: 60/60 MP: 7/7
  6326 | D:4      | Reached skill level 1 in Invocations
  6545 | D:4      | Reached skill level 10 in Bows
  6699 | D:4      | Reached skill level 5 in Fighting
  6820 | D:4      | Reached * piety under Okawaru
  7058 | D:4      | Reached XP level 8. HP: 68/68 MP: 10/10
  7393 | D:4      | Found a staircase to the Ecumenical Temple.
  7448 | D:3      | Found an opulent altar of Gozag.
  8130 | D:4      | Killed Pikel
  8130 | D:4      | Reached ** piety under Okawaru
  8130 | D:4      | Reached skill level 11 in Bows
  8376 | D:5      | Found a sacrificial altar of Ru.
  8498 | D:5      | Reached skill level 12 in Bows
  8537 | D:5      | Found a shadowy altar of Dithmenos.
  8674 | D:5      | Noticed Graouh's ghost (novice MiFi)
  8981 | D:5      | Killed Graouh's ghost
  8981 | D:5      | Reached *** piety under Okawaru
  8981 | D:5      | Received a gift from Okawaru
  8981 | D:5      | Reached skill level 5 in Invocations
  8981 | D:5      | Reached XP level 9. HP: 67/78 MP: 12/12
  9726 | D:6      | Found Oqaupt's Antique Armour Shoppe.
  9747 | D:6      | Bought a runed helmet for 187 gold pieces
  9794 | D:6      | Found a hazy altar of Hepliaklqana.
 10129 | D:6      | Reached skill level 13 in Bows
 10293 | D:6      | Found a glowing drain.
 10300 | Sewer    | Entered a sewer
 10521 | D:7      | Found a basalt altar of Yredelemnul.
 10521 | D:7      | Found a blossoming altar of Fedhas.
 10523 | D:7      | Found a hide-covered altar of Uskayaw.
 10525 | D:7      | Found a bloodstained altar of Trog.
 10526 | D:7      | Found an ornate altar of the Wu Jian Council.
 10855 | D:7      | Received a gift from Okawaru
 11334 | D:7      | Reached **** piety under Okawaru
 11334 | D:7      | Received a gift from Okawaru
 11472 | D:7      | Reached skill level 14 in Bows
 11511 | D:7      | Found a glowing silver altar of Zin.
 11709 | D:7      | Got an encrusted falchion
 11728 | D:7      | Identified the +10 falchion "Jienn" {freeze, rPois} (You found it on level 7 of the Dungeon)
 11862 | D:8      | Reached XP level 10. HP: 37/88 MP: 15/15
 11867 | D:8      | Reached skill level 1 in Long Blades
 12324 | D:8      | Found a white marble altar of Elyvilon.
 12438 | D:8      | Reached skill level 1 in Armour
 13017 | D:8      | Noticed a two-headed ogre
 13035 | D:8      | Killed a two-headed ogre
 13564 | D:8      | HP: 4/90 [yak (11)]
 14089 | D:9      | Found a stormy altar of Qazlal.
 14277 | D:9      | Received a gift from Okawaru
 14641 | D:9      | Reached skill level 5 in Long Blades
 14672 | D:9      | Reached ***** piety under Okawaru
 14864 | D:9      | Found a staircase to the Lair.
 15312 | D:9      | Noticed a manticore
 15324 | D:9      | Killed a manticore
 15324 | D:9      | Reached XP level 11. HP: 46/95 MP: 15/17
 15618 | D:10     | Entered Level 10 of the Dungeon
 15668 | D:9      | Received a gift from Okawaru
 16610 | D:10     | Noticed galech's ghost (novice TrMo)
 16672 | D:10     | Killed galech's ghost
 16672 | D:10     | Received a gift from Okawaru
 16924 | D:10     | Noticed a two-headed ogre
 16989 | D:10     | Killed a two-headed ogre
 16989 | D:10     | Received a gift from Okawaru
 17397 | D:11     | Got a pitted long sword
 17435 | D:11     | Noticed a two-headed ogre
 17445 | D:11     | Killed a two-headed ogre
 17445 | D:11     | Received a gift from Okawaru
 17568 | D:11     | Noticed a green ugly thing
 17723 | D:11     | Killed a green ugly thing
 17723 | D:11     | Received a gift from Okawaru
 18206 | D:11     | Noticed a cyan ugly thing
 18217 | D:11     | Killed a cyan ugly thing
 18491 | D:11     | Received a gift from Okawaru
 18624 | D:11     | Noticed Harold
 18704 | D:11     | Killed Harold
 18704 | D:11     | Received a gift from Okawaru
 19751 | D:11     | Reached XP level 12. HP: 106/106 MP: 18/18
 19811 | D:11     | Reached skill level 10 in Fighting
 19839 | D:11     | Found a staircase to the Orcish Mines.
 19954 | D:11     | Identified the +6 long sword of Puryus {freeze, Int+5} (You found it on level 11 of the Dungeon)
 20906 | D:12     | Noticed a two-headed ogre
 20936 | D:12     | Killed a two-headed ogre
 21222 | D:12     | Noticed a seven-headed hydra
 21290 | D:12     | Killed a seven-headed hydra
 21290 | D:12     | Reached skill level 5 in Armour
 21388 | D:12     | Found a runed door.
 21394 | D:12     | Noticed a fire dragon
 21396 | D:12     | Noticed an ice dragon
 21397 | D:12     | Noticed a fire dragon
 21398 | D:12     | Found the +2 shield of Resistance {rF+ rC+ MR+}
 21398 | D:12     | Noticed an ice dragon
 21404 | D:12     | Found a runed door.
 21565 | Lair:1   | Entered Level 1 of the Lair of Beasts
 21567 | Lair:1   | Noticed a seven-headed hydra
 21581 | Lair:1   | Killed a seven-headed hydra
 22159 | Lair:1   | Got an ichor-stained long sword
 22215 | Lair:1   | Identified the +10 long sword of Valiance {slice, rF- Dex+10} (You found it on level 1 of the Lair of Beasts)
 22540 | Lair:1   | Received a gift from Okawaru
 23342 | Lair:2   | Noticed Gastronok
 23401 | Lair:2   | Killed Gastronok
 23401 | Lair:2   | Reached skill level 10 in Long Blades
 23401 | Lair:2   | Reached skill level 5 in Dodging
 23401 | Lair:2   | Reached XP level 13. HP: 102/115 MP: 19/19
 23692 | Lair:2   | Noticed Fannar
 23757 | Lair:2   | Killed Fannar
 23920 | Lair:2   | Noticed Urug
 23931 | Lair:2   | Killed Urug
 25214 | Lair:2   | Noticed Erica
 25234 | Lair:2   | Killed Erica
 26503 | Lair:3   | Reached ****** piety under Okawaru
 27148 | Lair:3   | Received a gift from Okawaru
 28086 | Lair:3   | Received a gift from Okawaru
 28312 | Lair:3   | Identified 2 scrolls of acquirement
 28574 | Lair:4   | Found a staircase to the Shoals.
 28729 | Lair:4   | Found a staircase to the Snake Pit.
 29404 | Lair:5   | Found a dark tunnel.
 29439 | Volcano  | Entered a volcano
 29545 | Volcano  | Received a gift from Okawaru
 29696 | Volcano  | Reached XP level 14. HP: 125/125 MP: 20/20
 29703 | Volcano  | Found a radiant altar of Vehumet.
 30217 | Lair:5   | Found a viscous altar of Jiyva.
 30223 | Lair:5   | Reached skill level 15 in Bows
 30238 | Lair:5   | Found a staircase to the Slime Pits.
 30813 | Lair:5   | Learned a level 2 spell: Passwall
 30871 | Lair:6   | Entered Level 6 of the Lair of Beasts
 30875 | Lair:6   | Received a gift from Okawaru
 33185 | Lair:6   | Received a gift from Okawaru
 33479 | Lair:6   | Reached skill level 16 in Bows
 34452 | D:13     | Found a gate to the Vaults.
 34452 | D:13     | Noticed Nessos
 34860 | D:13     | Received a gift from Okawaru
 34861 | D:13     | Got a warped centaur barding {god gift}
 34872 | D:13     | Identified the +3 centaur barding of the Pleiades {Int+3} (Okawaru gifted it to you on level 13 of the Dungeon)
 35003 | D:13     | Reached XP level 15. HP: 134/134 MP: 21/21
 36126 | D:13     | Killed Nessos
 36643 | D:13     | Reached skill level 17 in Bows
 37768 | D:14     | Found Redoist's Armour Boutique.
 37790 | D:14     | Bought a +1 pair of gloves of strength for 198 gold pieces
 38241 | D:14     | Got a dull robe
 38271 | D:14     | Identified the +2 robe of the Will of the Gods {rF+ Str+3 Dex+5} (You found it on level 14 of the Dungeon)
 38743 | Orc:1    | Entered Level 1 of the Orcish Mines
 38832 | Orc:1    | Found Zopsua Haufu's Magic Scroll Boutique.
 39022 | Orc:2    | Entered Level 2 of the Orcish Mines
 39562 | D:15     | Entered Level 15 of the Dungeon
 39562 | D:15     | Noticed Agnes
 39601 | D:14     | Killed Agnes
 39981 | D:15     | Noticed Rupert
 39994 | D:15     | Paralysed by Rupert for 5 turns
 40090 | D:14     | Killed Rupert
 40440 | D:15     | Got a fine glass ring
 41060 | D:15     | Cast into level 3 of the Abyss (a wizard)
 41336 | Abyss:3  | Noticed a tentacled starspawn
 41354 | Abyss:3  | Noticed a tentacled starspawn
 41425 | Abyss:3  | Received a gift from Okawaru
 41793 | Abyss:3  | Noticed a bone dragon
 41794 | Abyss:3  | Got an abyssal rune of Zot
 41794 | Abyss:4  | Found a corrupted altar of Lugonu.
 41841 | Abyss:4  | Found a corrupted altar of Lugonu.
 41843 | Abyss:4  | Paralysed by accursed screaming for 1 turns
 41960 | Abyss:4  | HP: 3/136 [thrashing horror (6)]
 41966 | Abyss:4  | HP: 1/136 [thrashing horror (11)]
 41967 | Abyss:4  | Slain by a thrashing horror

Vault maps used:
D:1:      matt_arrival_grand_opening
D:3:      nicolae_overflow_hidden_temple, lemuel_coloured_pillars_altar,
          first_ration, serial_undead, serial_undead_d, serial_undead_d,
          serial_undead_c, serial_undead_d, serial_undead_b, serial_undead_f,
          serial_undead_b, serial_undead_a, yredelemnul_altar_generic,
          uniq_terence
D:4:      lemuel_castle_with_subvaults, minmay_temple_entry_statues_fountains,
          uniq_pikel
D:5:      nicolae_dithmenos_shadow_blocks, nicolae_ru_great_annihilating_truth
D:6:      old_standard_altar, serial_shops, shop, portal_sewer_entry_e
D:7:      nicolae_overflow_crystal_walls, grunt_temple_overflow_open
D:8:      elyvilon_altar_5
D:9:      lemuel_doored_altar, erik_lair_dragon, blue_anna_alchemist,
          lemuel_flamethrower_2
D:11:     david_orc_4, uniq_harold
D:12:     minmay_guarded_unrand_resistance
D:13:     david_vaults_3
D:14:     serial_shops, shop, minivault_4, spider_trap, item_on_display_a
D:15:     grunt_enter_depths_magical_seal, minmay_misc_feat_enclosed,
          serial_ice, serial_ice_n, serial_ice_g, serial_ice_k, serial_ice_h,
          portal_ice_cave_entry_pillars_1, uniq_agnes, uniq_rupert
Temple:   kb_temple_of_zot
Lair:1:   serial_bayou_pond_d, infiniplex_staircase_pool, grunt_megastairs_4,
          serial_bayou_shore_b
Lair:2:   special_room, uniq_urug, uniq_erica, uniq_gastronok, uniq_fannar
Lair:3:   lemuel_reptile_caves, hangedman_lair_generics_rect,
          serial_bayou_shore_b, grunt_megastairs_2
Lair:4:   minmay_shoals_entry_beasts, minmay_snake_entry_guardpost_medium
Lair:5:   slime_altar_1, nicolae_volcano_entry_lava_flow
Lair:6:   due_jungle_book, minmay_lair_drake_nest, grunt_megastairs_5
Orc:1:    basic_altar, serial_shops, shop
Orc:2:    st_orc_rangers
Abyss:3:  grunt_abyss_exit_deep_breaths
Abyss:4:  hangedman_decor_riveting, hangedman_decor_lopped
Sewer:    sewer_the_crocodile
Volcano:  volcano_grotto

Skill      XL: |  1  2  3  4  5  6  7  8  9 10 11 12 13 14 15 |
---------------+----------------------------------------------+-----
Bows           | 6 7 8 9 10 12 14 16 17 | 17.9
Fighting       | 3 4 5 6 7 8 9 10 11 12 13 | 13.3
Invocations    | 2 5 6 8 |  8.0
Long Blades    | 5 7 10 11 | 11.4
Armour         | 2 4 5 7 8 |  8.7
Dodging        | 3 5 6 7 8 |  8.2
Stealth        | |  0.4

Action                   |  1- 3 |  4- 6 |  7- 9 | 10-12 | 13-15 || total
-------------------------+-------+-------+-------+-------+-------++-------
Melee: Short sword       |    84 |   186 |       |       |       ||   270
       Kick              |    14 |    69 |    13 |    51 |   183 ||   330
       Dagger            |       |    85 |    59 |    24 |       ||   168
       Falchion          |       |       |       |   148 |   158 ||   306
       Punch             |       |       |       |     3 |     4 ||     7
       Long sword        |       |       |       |     5 |    55 ||    60
       Scimitar          |       |       |       |       |   335 ||   335
 Fire: Shortbow          |    19 |    61 |   688 |  1163 |   536 ||  2467
       Longbow           |       |       |       |       |   699 ||   699
Invok: Heroism           |       |       |     2 |     9 |    10 ||    21
       Finesse           |       |       |       |       |     1 ||     1
  Use: Scroll            |     2 |     1 |     6 |     9 |    24 ||    42
       Potion            |       |     1 |       |     2 |    16 ||    19
 Stab: Paralysed         |       |       |     2 |       |       ||     2
  Eat: Chunk             |     4 |    19 |    12 |    29 |    51 ||   115
Armor: Leather armour    |    28 |    91 |       |       |       ||   119
       Scale mail        |       |    32 |    74 |   173 |    52 ||   331
       Ring mail         |       |       |       |       |   403 ||   403
       Acid dragon scale |       |       |       |       |   126 ||   126
Dodge: Dodged            |    32 |   111 |    49 |   141 |   384 ||   717
       Rpst.: Falchion   |       |       |       |    19 |    19 ||    38
       Long sword        |       |       |       |     1 |    15 ||    16
       Scimitar          |       |       |       |       |    43 ||    43

Table legend:
 A = Spawn XP
 B = Non-spawn XP
 C = Spawn XP percentage of total XP
 D = Spawn monster count
 E = Non-spawn monster count
 F = Spawn count percentage of total count
 G = Total turns spent on level
                    A         B        C        D         E        F      G
               +---------+---------+-------+---------+---------+-------+---------
         Total |    3714 |  131161 |   2.8 |      13 |     800 |   1.6 | 41967
               +---------+---------+-------+---------+---------+-------+---------
           D:1 |       0 |      36 |   0.0 |       0 |      22 |   0.0 |   875
           D:2 |       0 |     117 |   0.0 |       0 |      20 |   0.0 |  1663
           D:3 |       0 |     273 |   0.0 |       0 |      35 |   0.0 |  1970
           D:4 |       0 |    1630 |   0.0 |       0 |      70 |   0.0 |  3689
           D:5 |       0 |    1341 |   0.0 |       0 |      21 |   0.0 |  1198
           D:6 |       0 |     334 |   0.0 |       0 |      20 |   0.0 |   832
           D:7 |       0 |    1624 |   0.0 |       0 |      35 |   0.0 |  1256
           D:8 |       0 |    3799 |   0.0 |       0 |      37 |   0.0 |  2092
           D:9 |       0 |    2539 |   0.0 |       0 |      27 |   0.0 |  2139
          D:10 |       0 |    4165 |   0.0 |       0 |      30 |   0.0 |  1574
          D:11 |       0 |    6100 |   0.0 |       0 |      51 |   0.0 |  2730
          D:12 |       0 |    6674 |   0.0 |       0 |      34 |   0.0 |  2587
          D:13 |       0 |   15043 |   0.0 |       0 |      54 |   0.0 |  1665
          D:14 |       0 |   10353 |   0.0 |       0 |      31 |   0.0 |  2266
          D:15 |       0 |    4462 |   0.0 |       0 |      17 |   0.0 |   735
        Lair:1 |       0 |    7812 |   0.0 |       0 |      39 |   0.0 |  2004
        Lair:2 |       0 |   10674 |   0.0 |       0 |      44 |   0.0 |  2134
        Lair:3 |       0 |   12487 |   0.0 |       0 |      64 |   0.0 |  2678
        Lair:4 |       0 |    3944 |   0.0 |       0 |      17 |   0.0 |  1060
        Lair:5 |       0 |    8789 |   0.0 |       0 |      33 |   0.0 |  1467
        Lair:6 |       0 |   19967 |   0.0 |       0 |      39 |   0.0 |  2857
         Orc:1 |       0 |    1760 |   0.0 |       0 |      22 |   0.0 |   743
         Orc:2 |       0 |       6 |   0.0 |       0 |       2 |   0.0 |     8
       Abyss:3 |    3506 |     700 |  83.4 |      12 |       3 |  80.0 |   734
       Abyss:4 |     208 |    1031 |  16.8 |       1 |       3 |  25.0 |   173
         Sewer |       0 |     113 |   0.0 |       0 |       6 |   0.0 |   147
       Volcano |       0 |    5388 |   0.0 |       0 |      24 |   0.0 |   551
               +---------+---------+-------+---------+---------+-------+---------
